 Dungeon Crawl Stone Soup version 0.22.0-6-g71bd7aa (webtiles) character file.

21 sking99 the Insei (level 2, -1/18 HPs)
             Began as an Octopode Transmuter on Aug 14, 2018.
             Slain by a centaur (9 damage)
             ... on level 2 of the Dungeon.
             The game lasted 00:01:19 (1473 turns).

sking99 the Insei (Octopode Transmuter)             Turns: 1473, Time: 00:01:19

Health: -1/18      AC:  1    Str:  9    XL:     2   Next: 87%
Magic:  5/5        EV: 13    Int: 15    God:
Gold:   39         SH:  0    Dex: 12    Spells: 4/5 levels left

rFire    . . .     SeeInvis .     - Unarmed
rCold    . . .     Gourm    .   (no shield)
rNeg     . . .     Faith    .   (helmet restricted)
rPois    .         Spirit   .   (no amulet)
rElec    .         Reflect  .   (no ring)
rCorr    .         Harm     .   (no ring)
MR       .....                  (no ring)
Stlth    ++........             (no ring)
HPRegen  0.06/turn              (no ring)
MPRegen  0.09/turn              (no ring)
                                (no ring)
                                (no ring)

@: very slightly contaminated, invisible
A: almost no armour, stealthy swim, amphibious, 8 rings, constrict 8, camouflage
1, gelatinous body 1
a: no special abilities


You were on level 2 of the Dungeon.
You were not hungry.

You visited 1 branch of the dungeon, and saw 2 of its levels.

You collected 39 gold pieces.

Inventory:

Missiles
 a - 12 arrows
 l - a throwing net (quivered)
Jewellery
 k - an uncursed ring of fire {unknown}
Scrolls
 d - 2 scrolls of remove curse {unknown}
 e - a scroll of enchant weapon {unknown}
 g - a scroll of amnesia {unknown}
 j - 3 scrolls of identify {unknown}
Potions
 b - a potion of heal wounds {unknown}
 i - a potion of curing {unknown}
Comestibles
 c - 3 rations


   Skills:
 + Level 1.5 Fighting
 + Level 2.3 Dodging
 + Level 3.2 Unarmed Combat
 - Level 2.0 Spellcasting
 + Level 2.3 Transmutations


You had 4 spell levels left.
You knew the following spells:

 Your Spells              Type           Power        Failure   Level  Hunger
a - Beastly Appendage     Tmut           #.....       9%          1    #......

Your spell library contained the following spells:

 Spells                   Type           Power        Failure   Level  Hunger
 Spider Form              Tmut/Pois      #.........   38%         3    ###....
 Blade Hands              Tmut           #.........   93%         5    ######.
 Ice Form                 Ice/Tmut       #.......     80%         4    #####..
 Sticks to Snakes         Tmut           #.......     13%         2    ###....


Dungeon Overview and Level Annotations

Branches:
Dungeon (2/15)

Altars:


Innate Abilities, Weirdness & Mutations

You cannot wear most types of armour.
You are very stealthy in the water. (Stealth+)
You are amphibious.
You can wear up to eight rings at the same time.
You can use your tentacles to constrict eight enemies at once.
Your skin changes colour to match your surroundings (Stealth+).
Your rubbery body absorbs attacks. (AC +1, EV +1)


Message History

The centaur closely misses you.
You barely miss the centaur. You squeeze the centaur.
The centaur is moderately wounded.
The centaur closely misses you. The centaur misses you.
You closely miss the centaur.
The centaur is moderately wounded.
You catch the helpless centaur completely off-guard!
You tentacle-slap the centaur but do no damage.
The centaur is moderately wounded.
The centaur hits you!
Ouch! That really hurt!
You are too injured to fight recklessly!
You tentacle-slap the centaur.
The centaur is moderately wounded.
The centaur closely misses you.
You tentacle-slap the centaur.
The centaur is severely wounded.
The centaur hits you!
Ouch! That really hurt!
You die...

########
#......#
#......#
##......# .
#.......#
...##.......#
............#
#.<@c..#
............#
............#
...#.########
.. #. # #


You could see a centaur.

Vanquished Creatures
  2 dart slugs (D:1)
  A leopard gecko (D:1)
  A ball python (D:1)
  2 giant cockroaches (D:1)
  A goblin (D:1)
  A hobgoblin (D:1)
  A kobold (D:1)
  4 bats (D:1)
  A frilled lizard (D:1)
  2 rats (D:1)
16 creatures vanquished.

Notes
Turn   | Place    | Note
-------+----------+-------------------------------------------
     0 | D:1      | sking99 the Octopode Transmuter began the quest for the Orb.
     0 | D:1      | Reached XP level 1. HP: 13/13 MP: 3/3
   596 | D:1      | Reached XP level 2. HP: 18/18 MP: 5/5
  1464 | D:2      | Noticed a centaur
  1473 | D:2      | Slain by a centaur

Action                   || total
-------------------------++-------
Melee: Unarmed           ||    48
       Constrict         ||    10
       Tentacles         ||     7
       Kick              ||     6
       Punch             ||     1
 Cast: Beastly Appendage ||     6
  Use: Potion            ||     1
 Stab: Sleeping          ||     1
       Invisible         ||     2
  Eat: Chunk             ||     2
Armor: Skin              ||    10
Dodge: Dodged            ||    42
